Workbook

Sheet Sheet1
A1: Fournisseur | B1: Article | C1: N° entrée | D1: CA juil.-2019 juil.-2019 | E1: UAch Ach juil.-2019 juil.-2019
A2: F007 | B2: Terreal plaq. angle 220x105x50x14 Lisse brun | C2: 18012542 | D2: 290.64 | E2: 0.336
A3: F007 | B3: Terreal plaquette 220x50x14 lisse Brun | C3: 18012542 | D3: 2701.04 | E3: 10.44
A4: F007 | B4: Terreal plaq. angle 220x105x50x14 Lisse beige | C4: 18012550 | D4: 179.96 | E4: 0.208
A5: F007 | B5: Terreal plaq. angle 220x105x50x14 Lisse rouge | C5: 18012550 | D5: 472.79 | E5: 0.656
A6: F007 | B6: Terreal plaquette 220x50x14 lisse Beige | C6: 18012550 | D6: 4265.78 | E6: 16.488
A7: F007 | B7: Terreal plaquette 220x50x14 lisse Rouge | C7: 18012550 | D7: 1940.4 | E7: 9
A8: F007 | B8: Térréal transport usine | C8: 18012550 | D8: 401 | E8: 1
A9: F019 | B9: Double Romane Tuile Chatière Grillagée Noir | C9: 18012568 | D9: 159.68 | E9: 32
A10: F019 | B10: Double Romane Tuile Noir | C10: 18012568 | D10: 1393.43 | E10: 2.56
A11: F019 | B11: Monier Arétier d'About de 42 Noir | C11: 18012568 | D11: 63 | E11: 10
A12: F019 | B12: Monier palettes consignées | C12: 18012568 | D12: 296 | E12: 16
A13: F260 | B13: Grave 0/10 recomposée mixte lavée big bag 1.4 T | C13: 18012583 | D13: 234 | E13: 6
... A1731: F001 | B1731: Placojoint PR8 25kg | C1731: 18013467 | D1731: 524.16 | E1731: 56

Sheet Juillet
X1: =IF(ISNA(INDEX(Sheet1!$D$1:$D$65536,MATCH(M1,Sheet1!$C$1:$C$65536,0))=FALSE),"",INDEX(Sheet1!$D$1:$D$65536,MATCH(M1,Sheet1!$C$1:$C$65536,0))) | AA1: =IF(ISNA(INDEX(Sheet1!$E$1:$E$65536,MATCH(M1,Sheet1!$C$1:$C$65536,0))=FALSE),"",INDEX(Sheet1!$E$1:$E$65536,MATCH(M1,Sheet1!$C$1:$C$65536,0)))
A2: Code Art. | B2: Qté | C2: Désignation article | D2: Date système | E2: Stock précédent | F2: Condionnement Vente | G2: Condionnement Achat2 | H2: Stock Après | I2: Type | J2: Mode | K2: Prix | L2: Numéro BL | M2: Numéro de l'entrée | N2: Code Client | O2: Code Frn. | P2: Raison sociale | Q2: PRC | R2: PRR | S2: PRC Final | T2: PRR Final | U2: P.U FOURNISSEUR | V2: Ecart Fourn/Client | W2: PRR TOTAL CLIENT | X2: Facture Fournisseur | Y2: Qte Sortie | Z2: Qte entrée | AA2: Qte Fournisseur
A3: F0011117 | B3: 126 | C3: Doublissimo Performance 4.10 13+120 120 x 2,80 m | D3: 43676 | E3: 0 | F3: 9 | G3: 9 | H3: 0 | I3: D | J3: C | K3: 8.75 | L3: 0 | M3: 18013464 | O3: F001 | P3: PLACOPLATRE | Q3: 8.75 | R3: 8.75 | S3: 8.75 | T3: 8.75 | U3: =IF(Tableau2[[#This Row],[Qte Fournisseur]]=0,"",IF(Tableau2[[#This Row],[Qte Fournisseur]]="","",Tableau2[[#This Row],[Facture Fournisseur]]/AA3)) -> #REF! | V3: =IF(Tableau2[[#This Row],[P.U FOURNISSEUR]]=Tableau2[[#This Row],[PRR Final]],"",Tableau2[[#This Row],[P.U FOURNISSEUR]]-Tableau2[[#This Row],[PRR Final]]) -> #REF! | W3: =+IF(OR(Tableau2[[#This Row],[PRR Final]]="",Tableau2[[#This Row],[Qte Sortie]]),"",Tableau2[[#This Row],[PRR Final]]*Tableau2[[#This Row],[Qte Sortie]]) -> 0 | X3: =IF(ISNA(INDEX(Sheet1!$D$1:$D$65536,MATCH(M3,Sheet1!$C$1:$C$65536,0))=FALSE),"",INDEX(Sheet1!$D$1:$D$65536,MATCH(M3,Sheet1!$C$1:$C$65536,0))) -> 3704.4 | Y3: 0 | Z3: 126 | AA3: =IF(ISNA(INDEX(Sheet1!$E$1:$E$65536,MATCH(M3,Sheet1!$C$1:$C$65536,0),MATCH(Tableau2[[#This Row],[Désignation article]],Sheet1!$B$1:$B$65536,0))=FALSE),"",INDEX(Sheet1!$E$1:$E$65536,MATCH(M3,Sheet1!$C$1:$C$65536,0),MATCH(Tableau2[[#This Row],[Désignation article]],Sheet1!$B$1:$B$65536,0))) -> #REF!
A4: F0480203 | B4: -16 | C4: Monorex GM P1 - Ssac 30kg G00 Blanc Naturel | D4: 43676 | E4: 0 | F4: 40 | G4: 40 | H4: 0 | I4: D | J4: C | K4: 6.32 | L4: 0 | M4: 18013452 | O4: F048 | P4: PAREXLANKO | Q4: 6.32 | R4: 6.32 | S4: 6.32 | T4: 6.32 | U4: =IF(Tableau2[[#This Row],[Qte Fournisseur]]=0,"",IF(Tableau2[[#This Row],[Qte Fournisseur]]="","",Tableau2[[#This Row],[Facture Fournisseur]]/AA4)) -> #REF! | V4: =IF(Tableau2[[#This Row],[P.U FOURNISSEUR]]=Tableau2[[#This Row],[PRR Final]],"",Tableau2[[#This Row],[P.U FOURNISSEUR]]-Tableau2[[#This Row],[PRR Final]]) -> #REF! | W4: =+IF(OR(Tableau2[[#This Row],[PRR Final]]="",Tableau2[[#This Row],[Qte Sortie]]),"",Tableau2[[#This Row],[PRR Final]]*Tableau2[[#This Row],[Qte Sortie]]) -> 0 | X4: =IF(ISNA(INDEX(Sheet1!$D$1:$D$65536,MATCH(M4,Sheet1!$C$1:$C$65536,0))=FALSE),"",INDEX(Sheet1!$D$1:$D$65536,MATCH(M4,Sheet1!$C$1:$C$65536,0))) -> -101.12 | Y4: 0 | Z4: -16 | AA4: =IF(ISNA(INDEX(Sheet1!$E$1:$E$65536,MATCH(M4,Sheet1!$C$1:$C$65536,0),MATCH(Tableau2[[#This Row],[Désignation article]],Sheet1!$B$1:$B$65536,0))=FALSE),"",INDEX(Sheet1!$E$1:$E$65536,MATCH(M4,Sheet1!$C$1:$C$65536,0),MATCH(Tableau2[[#This Row],[Désignation article]],Sheet1!$B$1:$B$65536,0))) -> #REF!
A5: F0010921 | B5: 45 | C5: Doublissimo Performance 3.80 13+120 120 x 2,70 m | D5: 43676 | E5: 0 | F5: 9 | G5: 9 | H5: 0 | I5: D | J5: C | K5: 7.57 | L5: 0 | M5: 18013450 | O5: F001 | P5: PLACOPLATRE | Q5: 7.57 | R5: 7.57 | S5: 7.57 | T5: 7.57 | U5: =IF(Tableau2[[#This Row],[Qte Fournisseur]]=0,"",IF(Tableau2[[#This Row],[Qte Fournisseur]]="","",Tableau2[[#This Row],[Facture Fournisseur]]/AA5)) -> #REF! | V5: =IF(Tableau2[[#This Row],[P.U FOURNISSEUR]]=Tableau2[[#This Row],[PRR Final]],"",Tableau2[[#This Row],[P.U FOURNISSEUR]]-Tableau2[[#This Row],[PRR Final]]) -> #REF! | W5: =+IF(OR(Tableau2[[#This Row],[PRR Final]]="",Tableau2[[#This Row],[Qte Sortie]]),"",Tableau2[[#This Row],[PRR Final]]*Tableau2[[#This Row],[Qte Sortie]]) -> 0 | X5: =IF(ISNA(INDEX(Sheet1!$D$1:$D$65536,MATCH(M5,Sheet1!$C$1:$C$65536,0))=FALSE),"",INDEX(Sheet1!$D$1:$D$65536,MATCH(M5,Sheet1!$C$1:$C$65536,0))) -> 1103.71 | Y5: 0 | Z5: 45 | AA5: =IF(ISNA(INDEX(Sheet1!$E$1:$E$65536,MATCH(M5,Sheet1!$C$1:$C$65536,0),MATCH(Tableau2[[#This Row],[Désignation article]],Sheet1!$B$1:$B$65536,0))=FALSE),"",INDEX(Sheet1!$E$1:$E$65536,MATCH(M5,Sheet1!$C$1:$C$65536,0),MATCH(Tableau2[[#This Row],[Désignation article]],Sheet1!$B$1:$B$65536,0))) -> #REF!
A6: F0790105 | B6: 45 | C6: Rawl chev nylon + vis tête fraisée FF1 10x160 bte 25p | D6: 43675 | E6: 3 | F6: 1 | G6: 1 | H6: 48 | I6: E | J6: C | K6: 12.36 | L6: 0 | M6: 18013433 | O6: F079 | P6: RAWL FRANCE | Q6: 12.36 | R6: 12.36 | S6: 12.36 | T6: 12.36 | U6: =IF(Tableau2[[#This Row],[Qte Fournisseur]]=0,"",IF(Tableau2[[#This Row],[Qte Fournisseur]]="","",Tableau2[[#This Row],[Facture Fournisseur]]/AA6)) -> #REF! | V6: =IF(Tableau2[[#This Row],[P.U FOURNISSEUR]]=Tableau2[[#This Row],[PRR Final]],"",Tableau2[[#This Row],[P.U FOURNISSEUR]]-Tableau2[[#This Row],[PRR Final]]) -> #REF! | W6: =+IF(OR(Tableau2[[#This Row],[PRR Final]]="",Tableau2[[#This Row],[Qte Sortie]]),"",Tableau2[[#This Row],[PRR Final]]*Tableau2[[#This Row],[Qte Sortie]]) -> 0 | X6: =IF(ISNA(INDEX(Sheet1!$D$1:$D$65536,MATCH(M6,Sheet1!$C$1:$C$65536,0))=FALSE),"",INDEX(Sheet1!$D$1:$D$65536,MATCH(M6,Sheet1!$C$1:$C$65536,0))) -> 556.2 | Y6: 0 | Z6: 45 | AA6: =IF(ISNA(INDEX(Sheet1!$E$1:$E$65536,MATCH(M6,Sheet1!$C$1:$C$65536,0),MATCH(Tableau2[[#This Row],[Désignation article]],Sheet1!$B$1:$B$65536,0))=FALSE),"",INDEX(Sheet1!$E$1:$E$65536,MATCH(M6,Sheet1!$C$1:$C$65536,0),MATCH(Tableau2[[#This Row],[Désignation article]],Sheet1!$B$1:$B$65536,0))) -> #REF!
